 Dungeon Crawl Stone Soup version 0.20.1-1-g8b1a95d (console) character file.

74 hilaritas the Chopper (level 4, 0/63 HPs)
             Began as a Deep Dwarf Berserker on Nov 5, 2017.
             Was a Believer of Trog.
             Slain by a gnoll
             ... wielding a +0 spear
              (6 damage)
             ... on level 3 of the Dungeon.
             The game lasted 00:03:42 (1286 turns).

hilaritas the Chopper (Deep Dwarf Berserker)        Turns: 1286, Time: 00:03:43

Health: 0/63       AC:  8    Str: 27    XL:     4   Next: 9%
Magic:  4/4        EV:  9    Int:  7    God:    Trog [**....]
Gold:   63         SH:  0    Dex: 12    Spells: 3/3 levels left

rFire    . . .     SeeInvis .   a - +0 hand axe
rCold    . . .     Gourm    .   (no shield)
rNeg     . . .     Faith    .   m - +0 chain mail
rPois    .         Spirit   .   (no helmet)
rElec    .         Reflect  .   (no cloak)
rCorr    .         Harm     .   (no gloves)
MR       ++...                  (no boots)
Stlth    ..........             (no amulet)
Regen    1.0/turn               (no ring)
MPRegen  0.1/turn               (no ring)

@: berserking (expiring), non-regenerating, very quick
A: damage resistance, heal wounds, sense surroundings 1, no regeneration
a: Heal Wounds, Berserk, Trog's Hand, Burn Spellbooks, Renounce Religion


You were on level 3 of the Dungeon.
You worshipped Trog.
Trog was pleased with you.
You were very hungry.

You visited 1 branch of the dungeon, and saw 3 of its levels.

You collected 63 gold pieces.

Inventory:

Hand Weapons
 a - a +0 hand axe (weapon)
 h - a +0 hand axe
 j - a cursed -1 club
Armour
 m - a +0 chain mail (worn)
Jewellery
 e - an uncursed amulet of guardian spirit {unknown}
Scrolls
 d - a scroll of enchant armour {unknown}
 g - 3 scrolls of identify {unknown}
 i - 3 scrolls of teleportation {unknown}
 k - a scroll of amnesia {unknown}
 n - a scroll of enchant weapon {unknown}
Potions
 b - a potion of might {unknown}
 l - a potion of curing {unknown}
Comestibles
 c - 3 bread rations
 f - a meat ration
 o - a chunk of flesh


   Skills:
 + Level 3.4 Fighting
 * Level 4.8 Axes
 - Level 2.1 Armour
 - Level 2.1 Dodging


You had 3 spell levels left.
You didn't know any spells.

Dungeon Overview and Level Annotations

Branches:
Dungeon (3/15)

Altars:


Innate Abilities, Weirdness & Mutations

You are resistant to damage.
You can heal yourself by infusing magical energy.
You passively map a small area around you.
You do not regenerate.


Message History

You barely miss the gnoll.
The gnoll is almost dead.
You closely miss the kobold. The kobold barely misses you.
The gnoll hits you from afar with a spear. x2
* * * LOW HITPOINT WARNING * * *
You slash the gnoll!
You kill the gnoll!
Trog accepts your kill.
You have reached level 4!
You feel stronger.
You slash the kobold!
You kill the kobold!
Trog accepts your kill. The gnoll barely misses you.
The gnoll hits you from afar with a spear.
* * * LOW HITPOINT WARNING * * *
You see here a gnoll corpse.
You closely miss the gnoll. You barely miss the gnoll.
The gnoll hits you with a spear!
You die...

, * ...............
..................
,,
..................,
*............?.....
,
..................
..................
,
.............[....
,
.........<........
,
.......))(........
........@g........
*.........g........
,
................(.
,
................?.
..................,
.................(
..................
#####.####..... * *
* * *


You could see 2 gnolls.

Vanquished Creatures
  A gnoll (D:3)
  2 adders
  2 oozes
  A worm (D:2)
  A dart slug (D:1)
  2 leopard geckos
  4 bats
  2 giant cockroaches (D:1)
  5 goblins
  2 hobgoblins
  4 kobolds
  2 frilled lizards
  3 rats
31 creatures vanquished.

Notes
Turn   | Place    | Note
-------+----------+-------------------------------------------
     0 | D:1      | hilaritas the Deep Dwarf Berserker began the quest for the Orb.
     0 | D:1      | Reached XP level 1. HP: 20/20 MP: 1/1
   255 | D:1      | Reached XP level 2. HP: 22/27 MP: 2/2
   269 | D:1      | Reached skill level 4 in Axes
   547 | D:1      | Reached XP level 3. HP: 22/34 MP: 3/3
   947 | D:2      | Reached ** piety under Trog
  1284 | D:3      | Reached XP level 4. HP: 7/42 MP: 4/4
  1286 | D:3      | Slain by a gnoll

Skill      XL: |  1  2 |
---------------+-------+-----
Axes           | 4 |  4.8
Fighting       | 3 |  3.4
Armour         | |  2.1
Dodging        | |  2.1

Action                   |  1- 3 |  4- 6 || total
-------------------------+-------+-------++-------
Melee: Hand axe          |    95 |     1 ||    96
Invok: Berserk           |     1 |       ||     1
       Trog's Hand       |     1 |       ||     1
  Eat: Chunk             |     1 |       ||     1
Armor: Scale mail        |    17 |       ||    17
       Animal skin       |     1 |       ||     1
       Chain mail        |    24 |       ||    24
Dodge: Dodged            |    54 |     1 ||    55
